Map: King Sejong Station LE

Players

Crackmonkey - Winner!

  • Race: Protoss Protoss
  • League: Bronze
  • Spawn Location: 5:00

Fropez

  • Race: Protoss Protoss
  • League: Gold
  • Spawn Location: 11:00

VOD

Have the link to the VOD?

Description

Time

  • Played on: Oct. 20, 2016, 7:23 p.m.
  • Length: 12:50
Show
View Real Time Build Order
Export as new Build Order

Crackmonkey Protoss - Winner!

Build Orders:  

Get SALT Encoding   

  12  0:01  Probe (Chrono Boost)  
  13  0:11  Probe (Chrono Boost)  
  14  0:17  Pylon  
  14  0:22  Probe (Chrono Boost)  
  15  0:36  Probe (Chrono Boost)  
  15  0:40  Gateway  
  16  0:47  Probe (Chrono Boost)  
  16  0:48  Assimilator  
  17  0:57  Probe (Chrono Boost)  
  18  1:08  Probe (Chrono Boost)  
  18  1:10  Assimilator  
  19  1:18  Probe (Chrono Boost)  
  20  1:34  Probe (Chrono Boost)  
  20  1:38  Cybernetics Core  
  21  1:51  Nexus  
  21  2:03  Probe (Chrono Boost)  
  22  2:10  Pylon  
  22  2:16  Warp Gate (Chrono Boost)  
  22  2:24  Pylon  
  22  2:28  Mothership Core  
  24  2:48  Adept (Chrono Boost)  
  24  2:49  Probe  
  27  3:01  Probe  
  27  3:04  Pylon  
  28  3:07  Robotics Facility  
  28  3:11  Probe  
  29  3:14  Probe  
  30  3:21  Probe  
  30  3:26  Probe  
  32  3:28  Pylon  
  32  3:30  Pylon  
  32  3:36  Adept (Chrono Boost)  
  34  3:52  Probe  
  34  3:53  Probe  
  36  3:57  Twilight Council  
  36  3:59  Observer (Chrono Boost)  
  37  4:05  Probe x2 (Chrono Boost)  
  39  4:16  Probe (Chrono Boost)  
  41  4:17  Probe (Chrono Boost)  
  41  4:21  Gateway  
  41  4:26  Probe (Chrono Boost)  
  41  4:27  Probe (Chrono Boost)  
  43  4:35  Probe, Immortal (Chrono Boost)  
  43  4:38  Probe  
  49  4:46  Probe  
  50  5:02  Gateway  
  50  5:19  Dark Shrine  
  50  5:24  Probe  
  50  5:25  Probe  
  50  5:28  Assimilator  
  52  5:30  Immortal (Chrono Boost)  
  52  5:31  Assimilator  
  52  5:32  Stalker  
  52  5:33  Stalker  
  60  5:44  Gateway  
  60  5:47  Gateway  
  60  5:56  Zealot  
  62  5:57  Sentry  
  64  6:09  Pylon  
  64  6:28  Pylon  
  64  6:35  Dark Templar  
  64  6:36  Dark Templar x2  
  70  6:46  Immortal (Chrono Boost)  
  71  7:08  Stalker  
  71  7:09  Stalker  
  71  7:31  Immortal (Chrono Boost)  
  75  7:38  Adept x3  
  81  7:52  Pylon  
  81  7:54  Pylon  
  81  7:55  Pylon  
  83  8:05  Immortal (Chrono Boost)  
  83  8:09  Nexus  
  83  8:30  Forge  
  81  8:59  Dark Templar  
  81  9:01  Stalker x3  
  89  9:07  Dark Templar  
  90  9:25  Mothership Core  
  84  9:39  Photon Cannon  
  84  9:42  Photon Cannon  
  84  9:43  Photon Cannon  
  84  9:45  Photon Cannon  
  80  9:55  Photon Cannon  
  80  9:57  Photon Cannon  
  80  9:59  Photon Cannon  
  80  10:00  Nexus  
  80  10:01  Photon Cannon  
  80  10:09  Zealot  
  80  10:10  Sentry, Zealot  
  80  10:11  Dark Templar  
  80  10:12  Stalker  
  90  10:17  Pylon  
  92  10:28  Immortal (Chrono Boost)  
  90  10:44  Stalker x2  
  90  10:45  Stalker  
  90  11:14  Stalker x2  
  90  11:15  Stalker x3  
  100  11:24  Immortal (Chrono Boost)  
  103  11:40  Templar Archives  
  103  11:44  Probe  
  103  11:46  Probe  
  105  11:55  Probe  
  105  11:58  Observer (Chrono Boost), Probe  
  105  11:59  Probe  
  109  12:05  Probe  
  110  12:09  Probe  
  110  12:10  Probe  
  110  12:12  Dark Templar x2  
Show
View Real Time Build Order
Export as new Build Order

Fropez Protoss 

Build Orders:  

Get SALT Encoding   

  12  0:01  Probe (Chrono Boost)  
  13  0:19  Pylon  
  13  0:27  Probe (Chrono Boost)  
  14  0:31  Assimilator  
  14  0:37  Probe (Chrono Boost)  
  15  0:48  Probe (Chrono Boost)  
  16  0:57  Gateway  
  16  1:00  Probe (Chrono Boost)  
  17  1:10  Probe (Chrono Boost)  
  18  1:18  Assimilator  
  18  1:20  Pylon  
  18  1:21  Probe (Chrono Boost)  
  19  1:31  Probe (Chrono Boost)  
  20  1:39  Pylon  
  20  1:42  Probe (Chrono Boost)  
  21  1:47  Gateway  
  21  2:14  Probe (Chrono Boost)  
  22  2:15  Pylon  
  22  2:40  Nexus  
  22  2:45  Cybernetics Core  
  22  2:49  Zealot  
  23  2:53  Probe (Chrono Boost)  
  24  3:12  Gateway  
  24  3:15  Gateway  
  24  3:17  Probe (Chrono Boost)  
  25  3:25  Warp Gate (Chrono Boost)  
  25  3:29  Mothership Core (Chrono Boost)  
  27  3:37  Stalker  
  29  3:47  Probe (Chrono Boost)  
  32  3:57  Stalker  
  32  4:04  Stalker x2  
  32  4:06  Probe (Chrono Boost)  
  32  4:08  Probe (Chrono Boost)  
  38  4:31  Probe, Robotics Facility  
  39  4:48  Stalker  
  39  4:51  Stalker  
  39  4:52  Stalker  
  45  5:14  Probe  
  45  5:16  Pylon  
  45  5:20  Immortal (Chrono Boost)  
  50  5:35  Probe  
  50  5:36  Probe  
  50  5:40  Twilight Council  
  50  5:52  Stalker x4  
  58  6:10  Probe  
  58  6:12  Probe  
  58  6:16  Assimilator  
  60  6:20  Assimilator  
  60  6:21  Pylon  
  64  6:25  Pylon  
  64  6:27  Observer (Chrono Boost), Blink (Chrono Boost)  
  61  6:34  Probe  
  61  6:35  Probe  
  50  7:01  Stalker  
  50  7:02  Stalker x3  
  50  7:26  Probe  
  50  7:27  Probe  
  51  7:38  Stalker x2  
  55  7:49  Probe  
  54  8:19  Stalker x4  
  58  8:46  Stalker  
  58  8:47  Stalker x3  
  64  8:49  Probe  
  56  9:38  Probe x2  
  57  9:55  Observer  
  52  10:33  Stalker x4  
  60  10:40  Gateway  
  60  10:41  Pylon  
  60  10:42  Forge  
  56  10:57  Stalker x2  
  56  10:58  Stalker x2  
  64  11:18  Pylon  
  64  11:20  Pylon  
  64  11:23  Probe x2  
  64  11:24  Pylon  
  64  11:25  Pylon  
  66  11:40  Stalker  
  66  11:41  Stalker  
  66  11:59  Probe  
  66  12:00  Probe  
  68  12:07  Warp Prism  
  57  12:37  Stalker  
  57  12:38  Stalker x2  
Tags
 
Matchup
PvP
Replay Pack
All Mines
Spawn Locations
Cross Positions
Add a new tag
Caveats
  • Supply blocks, unpowered buildings, or Contaminate may cause inaccurate times.
  • Supply counts are checked every 10 seconds.